TOP OF THE 1ST |
Santa Fe Diablos batting - Pitching for Montgomery Biscuits : RHP Steven Browne
|
Pitching: RHP Steven Browne
|
|
Batting: SHB Pancho Vásquez
|
0-0: Called Strike 0-1: Ball 1-1: SINGLE (Groundball, 56S) (infield hit)
|
Batting: LHB David Hernández
|
0-0: Ball 1-0: Called Strike Pancho Vásquez steals 2nd base 1-1: Foul Ball, location: 2F 1-2: Ball 2-2: Ball 3-2: Base on Balls
|
Batting: SHB George Adams
|
0-0: Grounds into double play, 6-4-3 (Groundball, 6) Pancho Vásquez to third
|
Batting: RHB Lee Price
|
0-0: Called Strike 0-1: Fly out, F6 (Line Drive, 6M)
|
Top of the 1st over - 0 run(s), 1 hit(s), 0 error(s), 1 left on base; Santa Fe 0 - Montgomery 0 |
BOTTOM OF THE 1ST |
Montgomery Biscuits batting - Pitching for Santa Fe Diablos : RHP Christian Camden
|
Pitching: RHP Christian Camden
|
|
Batting: SHB Lawrence Farley
|
0-0: Called Strike 0-1: Ball 1-1: Fly out, F7 (Flyball, 7S)
|
Batting: LHB António Fernández
|
0-0: Ball 1-0: Called Strike 1-1: Ball 2-1: Ball 3-1: Ground out 1-3 (Groundball, P)
|
Batting: SHB Marvin López
|
0-0: Called Strike 0-1: Called Strike 0-2: Ground out U3 (Groundball, 3)
|
Bottom of the 1st over - 0 run(s), 0 hit(s), 0 error(s), 0 left on base; Santa Fe 0 - Montgomery 0 |
TOP OF THE 2ND |
Santa Fe Diablos batting - Pitching for Montgomery Biscuits : RHP Steven Browne
|
Batting: LHB John Bond
|
0-0: Called Strike 0-1: Swinging Strike 0-2: Ball 1-2: Strikes out swinging
|
Batting: LHB Juan Torres
|
0-0: Foul Ball, location: 2F 0-1: Ball 1-1: Ball 2-1: Ground out 4-3 (Groundball, 4)
|
Batting: RHB Henning Huisman
|
0-0: Called Strike 0-1: Fly out, F9 (Flyball, 9S)
|
Top of the 2nd over - 0 run(s), 0 hit(s), 0 error(s), 0 left on base; Santa Fe 0 - Montgomery 0 |
BOTTOM OF THE 2ND |
Montgomery Biscuits batting - Pitching for Santa Fe Diablos : RHP Christian Camden
|
Batting: SHB Terry O'Farrell
|
0-0: Called Strike 0-1: Fly out, F4 (Line Drive, 4M)
|
Batting: RHB Jerry Johnston
|
0-0: Foul Ball, location: 2F 0-1: Ball 1-1: Ball 2-1: Ball 3-1: Base on Balls
|
Batting: LHB Bob Jones
|
0-0: Ball 1-0: Ball 2-0: Ball 3-0: Called Strike 3-1: Fly out, F9 (Flyball, 89S)
|
Batting: RHB Rusty Downy
|
0-0: Called Strike 0-1: Called Strike 0-2: Ball 1-2: Strikes out swinging
|
Bottom of the 2nd over - 0 run(s), 0 hit(s), 0 error(s), 1 left on base; Santa Fe 0 - Montgomery 0 |
TOP OF THE 3RD |
Santa Fe Diablos batting - Pitching for Montgomery Biscuits : RHP Steven Browne
|
Batting: RHB Adam Reeves
|
0-0: Ball 1-0: Called Strike 1-1: Foul Ball, location: 2F 1-2: Strikes out swinging
|
Batting: SHB Ángel Díaz
|
0-0: Called Strike 0-1: Ball 1-1: Ball 2-1: Ball 3-1: Base on Balls
|
Batting: SHB Pancho Vásquez
|
0-0: Ball 1-0: Foul Ball, location: 2F 1-1: Ball 2-1: Foul Ball, location: 2F 2-2: Fly out, F5 (Line Drive, 56)
|
Batting: LHB David Hernández
|
0-0: Foul Ball, location: 2F 0-1: Foul Ball, location: 2F 0-2: Strikes out swinging, 2-3 out at first.
|
Top of the 3rd over - 0 run(s), 0 hit(s), 0 error(s), 1 left on base; Santa Fe 0 - Montgomery 0 |
BOTTOM OF THE 3RD |
Montgomery Biscuits batting - Pitching for Santa Fe Diablos : RHP Christian Camden
|
Batting: RHB Glen MacDonald
|
0-0: Foul Ball, location: 2F 0-1: Called Strike 0-2: Strikes out swinging
|
Batting: RHB Dave Roberts
|
0-0: Ball 1-0: Ball 2-0: SOLO HOME RUN (Flyball, 7D), Distance : 378 ft
|
Batting: SHB Lawrence Farley
|
0-0: Fly out, F8 (Flyball, 78XD)
|
Batting: LHB António Fernández
|
0-0: Ball 1-0: Called Strike 1-1: Swinging Strike 1-2: Ground out 4-3 (Groundball, 34)
|
Bottom of the 3rd over - 1 run(s), 1 hit(s), 0 error(s), 0 left on base; Santa Fe 0 - Montgomery 1 |
TOP OF THE 4TH |
Santa Fe Diablos batting - Pitching for Montgomery Biscuits : RHP Steven Browne
|
Batting: SHB George Adams
|
0-0: Ball 1-0: Foul Ball, location: 2F 1-1: Foul Ball, location: 2F 1-2: Foul Ball, location: 2F 1-2: Ground out 3-1 (Groundball, 34S)
|
Batting: RHB Lee Price
|
0-0: Ball 1-0: Called Strike 1-1: Ball 2-1: Ball 3-1: Base on Balls
|
Batting: LHB John Bond
|
0-0: Called Strike 0-1: Ball 1-1: Ball 2-1: Foul Ball, location: 2F 2-2: Ball 3-2: Fly out, F4 (Popup, 34D)
|
Pitching: RHP Gabriel Oliuo
|
|
Batting: LHB Juan Torres
|
0-0: Foul Ball, location: 2F 0-1: Foul Ball, location: 2F 0-2: Ball 1-2: Foul Ball, location: 2F 1-2: Ball 2-2: Ball 3-2: SINGLE (Groundball, 4D) Lee Price to second Lee Price to third
|
Batting: RHB Henning Huisman
|
0-0: Ball 1-0: Foul Ball, location: 2F 1-1: Called Strike 1-2: Ground out 6-3 (Groundball, 56)
|
Top of the 4th over - 0 run(s), 1 hit(s), 0 error(s), 2 left on base; Santa Fe 0 - Montgomery 1 |
BOTTOM OF THE 4TH |
Montgomery Biscuits batting - Pitching for Santa Fe Diablos : RHP Christian Camden
|
Batting: SHB Marvin López
|
0-0: Swinging Strike 0-1: Ball 1-1: Foul Ball, location: 2F 1-2: SINGLE (Line Drive, 7S)
|
Batting: SHB Terry O'Farrell
|
0-0: Ball 1-0: Swinging Strike 1-1: DOUBLE (Line Drive, 9LM) Marvin López to third
|
Batting: RHB Jerry Johnston
|
0-0: Called Strike 0-1: Foul Ball, location: 2F 0-2: Ball 1-2: Foul Ball, location: 2F 1-2: Strikes out looking
|
Batting: LHB Bob Jones
|
0-0: Ball 1-0: Foul Ball, location: 2F 1-1: Ball 2-1: Foul Ball, location: 2F 2-2: Strikes out looking
|
Batting: RHB Rusty Downy
|
0-0: Ball 1-0: Foul Ball, location: 2F 1-1: Ball 2-1: Foul Ball, location: 2F 2-2: Ball 3-2: Foul Ball, location: 2F 3-2: Base on Balls
|
Batting: RHB Glen MacDonald
|
0-0: SINGLE (Groundball, 56S) (infield hit) Marvin López scores Terry O'Farrell to third Rusty Downy to second
|
Batting: RHB Dave Roberts
|
0-0: Ball 1-0: SINGLE (Line Drive, 6MD) Terry O'Farrell scores Rusty Downy to third Glen MacDonald to second Runner from 3rd tries for Home, SAFE, no throw
|
Batting: SHB Lawrence Farley
|
0-0: Ball 1-0: Called Strike 1-1: Fly out, F8 (Flyball, 8LD)
|
Bottom of the 4th over - 3 run(s), 4 hit(s), 0 error(s), 2 left on base; Santa Fe 0 - Montgomery 4 |
TOP OF THE 5TH |
Santa Fe Diablos batting - Pitching for Montgomery Biscuits : RHP Gabriel Oliuo
|
Batting: RHB Adam Reeves
|
0-0: Ball 1-0: Ball 2-0: Called Strike 2-1: Foul Ball, location: 2F 2-2: Ball 3-2: Strikes out swinging
|
Batting: SHB Ángel Díaz
|
0-0: Ball 1-0: Foul Ball, location: 2F 1-1: Foul Ball, location: 2F 1-2: Strikes out swinging
|
Batting: SHB Pancho Vásquez
|
0-0: Called Strike 0-1: Foul Ball, location: 2F 0-2: Ball 1-2: Ground out 6-3 (Groundball, 6M)
|
Top of the 5th over - 0 run(s), 0 hit(s), 0 error(s), 0 left on base; Santa Fe 0 - Montgomery 4 |
BOTTOM OF THE 5TH |
Montgomery Biscuits batting - Pitching for Santa Fe Diablos : RHP Christian Camden
|
Batting: LHB António Fernández
|
0-0: Ball 1-0: Called Strike 1-1: Foul Ball, location: 2F 1-2: Foul Ball, location: 2F 1-2: Ball 2-2: Foul Ball, location: 2F 2-2: SINGLE (Line Drive, 89S)
|
Batting: SHB Marvin López
|
0-0: Ball 1-0: Ball 2-0: Foul Ball, location: 2F 2-1: Foul Ball, location: 2F 2-2: Ball 3-2: Strikes out looking
|
Batting: SHB Terry O'Farrell
|
0-0: Ball 1-0: Ball 2-0: Ball 3-0: Base on Balls António Fernández to second
|
Batting: RHB Jerry Johnston
|
0-0: Called Strike 0-1: Ball 1-1: Foul Ball, location: 2F 1-2: Fly out, F7 (Flyball, 7)
|
Batting: LHB Bob Jones
|
0-0: Ball 1-0: 3-RUN HOME RUN (Flyball, 7D), Distance : 372 ft
|
Batting: RHB Rusty Downy
|
0-0: Called Strike 0-1: Swinging Strike 0-2: Strikes out looking
|
Bottom of the 5th over - 3 run(s), 2 hit(s), 0 error(s), 0 left on base; Santa Fe 0 - Montgomery 7 |
TOP OF THE 6TH |
Santa Fe Diablos batting - Pitching for Montgomery Biscuits : RHP Gabriel Oliuo
|
Batting: LHB David Hernández
|
0-0: Ball 1-0: Called Strike 1-1: Foul Ball, location: 2F 1-2: Ball 2-2: DOUBLE (Line Drive, 9LM)
|
Batting: SHB George Adams
|
0-0: Ball 1-0: Ball 2-0: Ground out 6-3 (Groundball, 6S) David Hernández to third
|
Batting: RHB Lee Price
|
0-0: Ball 1-0: Swinging Strike 1-1: Called Strike 1-2: Ground out U3 (Groundball, 23) David Hernández scores
|
Batting: LHB John Bond
|
0-0: Ball 1-0: Ball 2-0: Ball 3-0: Swinging Strike 3-1: Fly out, F8 (Flyball, 8RD)
|
Top of the 6th over - 1 run(s), 1 hit(s), 0 error(s), 0 left on base; Santa Fe 1 - Montgomery 7 |
BOTTOM OF THE 6TH |
Montgomery Biscuits batting - Pitching for Santa Fe Diablos : RHP Christian Camden
|
Pitching: RHP Joe King
|
|
Batting: RHB Glen MacDonald
|
0-0: Ball 1-0: Ball 2-0: Fly out, F9 (Flyball, 9S)
|
Batting: RHB Dave Roberts
|
0-0: Ball 1-0: Foul Ball, location: 2F 1-1: Ball 2-1: Ground out 5-3 (Groundball, 56S)
|
Batting: SHB Lawrence Farley
|
0-0: Foul Ball, location: 2F 0-1: Foul Ball, location: 2F 0-2: Ball 1-2: Ball 2-2: Foul Ball, location: 2F 2-2: Ground out 6-3 (Groundball, 6)
|
Bottom of the 6th over - 0 run(s), 0 hit(s), 0 error(s), 0 left on base; Santa Fe 1 - Montgomery 7 |
TOP OF THE 7TH |
Santa Fe Diablos batting - Pitching for Montgomery Biscuits : RHP Gabriel Oliuo
|
Now in RF: Brian MacIntosh
|
|
Batting: LHB Juan Torres
|
0-0: Foul Ball, location: 2F 0-1: Ball 1-1: Called Strike 1-2: Fly out, F6 (Line Drive, 6M)
|
Batting: RHB Henning Huisman
|
0-0: Ball 1-0: Ball 2-0: Ball 3-0: Called Strike 3-1: Base on Balls
|
Batting: RHB Adam Reeves
|
0-0: Ball 1-0: Ball 2-0: Called Strike 2-1: Called Strike 2-2: Ball 3-2: Strikes out looking
|
Batting: SHB Ángel Díaz
|
0-0: Ball 1-0: Called Strike Henning Huisman steals 2nd base 1-1: Ball 2-1: Ground out 3-1 (Groundball, 34)
|
Top of the 7th over - 0 run(s), 0 hit(s), 0 error(s), 1 left on base; Santa Fe 1 - Montgomery 7 |
BOTTOM OF THE 7TH |
Montgomery Biscuits batting - Pitching for Santa Fe Diablos : RHP Joe King
|
Batting: LHB António Fernández
|
0-0: Ball 1-0: Ball 2-0: DOUBLE (Flyball, 9)
|
Batting: SHB Marvin López
|
0-0: Ball 1-0: Ball 2-0: Foul Ball, location: 2F 2-1: Ball 3-1: Called Strike 3-2: Foul Ball, location: 2F 3-2: Fly out, F7 (Flyball, 7)
|
Batting: SHB Terry O'Farrell
|
0-0: Ball 1-0: Foul Ball, location: 2F 1-1: Ball 2-1: Ball 3-1: Base on Balls
|
Batting: RHB Jerry Johnston
|
0-0: Called Strike 0-1: Ball 1-1: Ball 2-1: Swinging Strike 2-2: Ball 3-2: SINGLE (Line Drive, 89S) António Fernández to third Terry O'Farrell to second
|
Batting: LHB Bob Jones
|
0-0: Ball 1-0: SINGLE (Groundball, 56D) António Fernández scores Terry O'Farrell to third Jerry Johnston to second Runner from 3rd tries for Home, SAFE, throw made home Jerry Johnston to third Bob Jones to second
|
Batting: RHB Rusty Downy
|
0-0: Ball 1-0: Foul Ball, location: 2F 1-1: Ball 2-1: Ground out 5-3 (Groundball, 56) Jerry Johnston scores
|
Batting: RHB Glen MacDonald
|
0-0: Ball 1-0: SINGLE (Groundball, 4D) Bob Jones to third Runner from 3rd tries for Home, SAFE, no throw
|
Pitching: RHP Josh Carson
|
|
Pinch Hitting: SHB Jack Estes
|
0-0: Called Strike 0-1: Called Strike 0-2: Ball 1-2: Ball 2-2: Ball 3-2: Strikes out swinging
|
Bottom of the 7th over - 4 run(s), 4 hit(s), 0 error(s), 1 left on base; Santa Fe 1 - Montgomery 11 |
TOP OF THE 8TH |
Santa Fe Diablos batting - Pitching for Montgomery Biscuits : RHP Gabriel Oliuo
|
Pitching: RHP Brian Barker
|
|
Now in RF: Hoyt Norris
|
|
Batting: SHB Pancho Vásquez
|
0-0: Called Strike 0-1: Ball 1-1: Ball 2-1: Ball 3-1: Base on Balls
|
Pinch Hitting: RHB John Dinkins
|
0-0: Ball 1-0: Called Strike 1-1: Fly out, F8 (Line Drive, 8LXD)
|
Batting: SHB George Adams
|
0-0: Called Strike 0-1: Swinging Strike 0-2: Ball 1-2: SINGLE (Groundball, 3D) Pancho Vásquez to second Runner from 2nd tries for 3rd, OUT! George Adams to second
|
Batting: RHB Lee Price
|
0-0: Foul Ball, location: 2F 0-1: DOUBLE (Line Drive, 89M) George Adams scores
|
Batting: LHB John Bond
|
0-0: Foul Ball, location: 2F 0-1: 2-RUN HOME RUN (Flyball, 9LD), Distance : 361 ft
|
Batting: LHB Juan Torres
|
0-0: Called Strike 0-1: Ground out U3 (Groundball, 3)
|
Top of the 8th over - 3 run(s), 3 hit(s), 0 error(s), 0 left on base; Santa Fe 4 - Montgomery 11 |
BOTTOM OF THE 8TH |
Montgomery Biscuits batting - Pitching for Santa Fe Diablos : RHP Josh Carson
|
Now at SS: John Dinkins
|
|
Batting: SHB Lawrence Farley
|
0-0: Fly out, F7 (Flyball, 7LS)
|
Batting: LHB António Fernández
|
0-0: Ball 1-0: Foul Ball, location: 2F 1-1: Ball 2-1: Ball 3-1: Called Strike 3-2: Foul Ball, location: 2F 3-2: Foul Ball, location: 2F 3-2: SINGLE (Line Drive, 78S)
|
Batting: SHB Marvin López
|
0-0: Fly out, F7 (Flyball, 7S)
|
Batting: SHB Terry O'Farrell
|
0-0: Called Strike 0-1: Swinging Strike 0-2: Ground out 4-3 (Groundball, 4S)
|
Bottom of the 8th over - 0 run(s), 1 hit(s), 0 error(s), 1 left on base; Santa Fe 4 - Montgomery 11 |
TOP OF THE 9TH |
Santa Fe Diablos batting - Pitching for Montgomery Biscuits : RHP Brian Barker
|
Pitching: RHP Matt Kinnieson
|
|
Batting: RHB Henning Huisman
|
0-0: Ball 1-0: Foul Ball, location: 2F 1-1: Ball 2-1: Ball 3-1: Called Strike 3-2: Strikes out swinging
|
Pinch Hitting: LHB Ricardo Ruíz
|
0-0: Ball 1-0: Fly out, F6 (Line Drive, 6)
|
Batting: SHB Ángel Díaz
|
0-0: SINGLE (Line Drive, 9LS)
|
Batting: SHB Pancho Vásquez
|
0-0: Ball 1-0: Ball 2-0: Called Strike 2-1: Ball 3-1: Foul Ball, location: 2F 3-2: Foul Ball, location: 2F 3-2: Fly out, F9 (Flyball, 89D)
|
Top of the 9th over - 0 run(s), 1 hit(s), 0 error(s), 1 left on base; Santa Fe 4 - Montgomery 11 |
|